Map: Central Protocol

Players

lesha - Winner!

  • Race: Terran Terran
  • League: Silver

superdex

  • Race: Zerg Zerg
  • League: Silver

VOD

Have the link to the VOD?

Description

Time

  • Played on: Dec. 29, 2015, 8:53 a.m.
  • Length: 14:30
Show
View Real Time Build Order
Export as new Build Order

lesha Terran - Winner!

Build Orders: Reaper Expand, MMM Bio 

Get SALT Encoding   

  12  0:02  SCV  
  13  0:14  SCV  
  13  0:18  Supply Depot  
  14  0:26  SCV  
  15  0:39  SCV  
  15  0:41  Barracks  
  16  0:49  Refinery  
  16  0:51  SCV  
  17  1:04  SCV  
  18  1:16  SCV  
  19  1:28  Orbital Command  
  19  1:32  Reaper  
  20  1:47  Command Center  
  20  1:59  SCV  
  21  2:09  Supply Depot  
  21  2:11  SCV  
  22  2:22  Barracks Reactor  
  22  2:31  Barracks  
  22  2:32  SCV, Factory, Refinery  
  23  2:44  SCV  
  24  2:56  SCV  
  25  3:06  Supply Depot, Barracks  
  25  3:12  Engineering Bay  
  25  3:15  Marine  
  25  3:16  Marine  
  25  3:18  Factory Reactor  
  25  3:19  Barracks Reactor  
  27  3:25  SCV  
  29  3:27  Orbital Command  
  27  3:38  SCV  
  27  3:40  Marine x2  
  30  3:50  SCV  
  30  3:55  Barracks Tech Lab, Bunker  
  31  4:04  Terran Infantry Weapons Level 1  
  31  4:05  Starport  
  31  4:07  SCV x2  
  33  4:12  Marine x4  
  37  4:19  SCV x2  
  39  4:27  Marine  
  39  4:29  Hellion x2  
  39  4:30  Marine  
  45  4:31  SCV x2  
  45  4:34  Marine  
  45  4:35  Marine x2  
  50  4:43  Starport Reactor  
  50  4:44  Stimpack, Barracks  
  50  4:52  SCV x2  
  52  4:55  Marine x2  
  54  5:13  Supply Depot  
  54  5:16  Supply Depot  
  54  5:17  Supply Depot, Refinery  
  54  5:19  Refinery  
  54  5:21  Engineering Bay  
  54  5:24  Armory  
  54  5:35  SCV x2, Medivac, Marine x4  
  62  5:36  Barracks Reactor  
  62  5:37  Supply Depot  
  62  5:47  SCV  
  62  5:48  SCV, Marine  
  62  5:49  Medivac  
  67  5:52  Marine  
  68  5:59  Marine x3  
  71  6:06  Marine  
  72  6:14  Medivac  
  72  6:16  Marine x3  
  77  6:19  Marine  
  77  6:20  Marine x2  
  77  6:23  Marine  
  81  6:36  Marine x3  
  81  6:37  Marine x2  
  86  6:44  Combat Shields  
  86  7:04  Supply Depot x3  
  86  7:06  Supply Depot  
  86  7:23  Terran Infantry Weapons Level 2  
  86  7:25  Medivac x2, Marine x6  
  86  7:26  Terran Infantry Armor Level 1, Marine  
  97  7:32  Command Center  
  97  7:43  Marine x3  
  100  7:46  Marine x2  
  100  7:47  Marine x2  
  104  7:55  Medivac  
  106  8:01  Marine x3  
  109  8:20  Marine x6  
  109  8:21  Marine  
  109  8:23  Medivac  
  118  8:35  Supply Depot x2  
  118  8:37  Supply Depot, Marine  
  118  8:38  Marine  
  118  8:39  Marine  
  118  8:43  Medivac, Marine x4  
  124  8:53  Medivac  
  126  8:55  Marine  
  118  9:10  Marine x2  
  118  9:11  Marine x4  
  118  9:13  Marine  
  125  9:28  Marine x3  
  125  9:29  Barracks  
  128  9:32  Barracks  
  128  9:33  Barracks, Marine x2  
  128  9:34  Barracks, Marine x2  
  128  9:35  Medivac  
  128  9:36  Medivac  
  136  9:46  Marine x3  
  136  9:51  Marine  
  140  9:59  Marine x3  
  143  10:02  Terran Infantry Weapons Level 3  
  143  10:04  Marine x2  
  145  10:20  Marine x5  
  150  10:22  Marine x2  
  152  10:37  Marine  
  152  10:38  SCV x2  
  155  10:50  SCV  
  155  10:53  Orbital Command  
  157  10:57  SCV  
  157  11:18  Marine  
  157  11:19  SCV, Marine  
  157  11:20  Marine  
  157  11:21  SCV  
  157  11:22  Marine  
  157  11:23  Marine x2  
  157  11:24  Marine  
  154  11:30  SCV  
  154  11:31  SCV  
  156  11:34  SCV  
  156  11:36  Marine  
  156  11:37  Marine  
  156  11:38  Marine  
  155  11:40  Marine x2  
  157  11:49  Barracks Reactor x3  
  157  11:50  Barracks Reactor  
  157  12:05  Supply Depot  
  157  12:06  Supply Depot  
  157  12:07  Supply Depot  
  157  12:08  Supply Depot  
  157  12:09  Supply Depot  
  157  12:11  Supply Depot  
  157  12:12  SCV  
  157  12:13  Marine  
  157  12:14  Marine  
  157  12:16  Marine x4  
  157  12:17  Marine  
  145  12:31  Marine x2  
  145  12:34  Marine x4  
  145  12:35  Marine  
  144  12:44  Command Center  
  144  12:47  Command Center  
  144  12:49  Marine x2  
  142  12:51  Marine  
  142  12:52  Marine x2  
  118  13:23  Marine x3  
  118  13:24  Marine x7  
  118  13:25  Marine x2  
  130  13:41  Marine x4  
  130  13:42  Marine x5  
Show
View Real Time Build Order
Export as new Build Order

superdex Zerg 

Build Orders: 3 Hatch before Pool 

Get SALT Encoding   

  12  0:01  Drone  
  13  0:12  Drone  
  14  0:35  Hatchery  
  13  0:37  Drone  
  14  0:46  Extractor  
  14  0:47  Drone, Extractor  
  13  0:50  Drone  
  16  1:02  Overlord  
  16  1:22  Hatchery  
  16  1:24  Drone  
  16  1:37  Drone x3  
  19  1:49  Spawning Pool  
  19  1:51  Extractor  
  17  1:55  Extractor  
  17  1:57  Drone  
  17  2:02  Drone x2  
  17  2:08  Drone  
  20  2:09  Drone  
  21  2:17  Drone  
  21  2:21  Drone x2  
  24  2:31  Drone  
  24  2:32  Drone  
  24  2:35  Overlord  
  26  2:45  Metabolic Boost  
  26  2:50  Queen  
  28  2:57  Queen  
  30  3:11  Zergling x4  
  30  3:12  Zergling x4  
  34  3:15  Drone x2  
  34  3:16  Drone  
  37  4:01  Drone  
  37  4:02  Drone x4  
  42  4:40  Lair  
  42  4:45  Overlord x3  
  42  4:46  Overlord  
  42  5:03  Queen x2  
  46  5:51  Roach Warren  
  46  5:53  Baneling Nest  
  46  5:55  Drone  
  46  5:56  Drone x23  
  46  5:57  Extractor  
  66  6:40  Extractor  
  66  6:41  Centrifical Hooks  
  66  6:42  Glial Reconstitution  
  65  7:01  Evolution Chamber x2  
  64  7:04  Spire  
  62  7:29  Drone, Extractor  
  62  7:30  Drone x6, Extractor  
  62  7:32  Overlord x5  
  67  7:39  Overseer  
  67  7:42  Pneumatized Carapace  
  67  7:49  Zerg Melee Weapons Level 1  
  67  7:50  Zerg Ground Armor Level 1  
  51  8:08  Roach x11  
  70  8:23  Roach  
  70  8:24  Roach x5  
  81  9:21  Roach  
  81  9:22  Hatchery, Roach x12  
  105  9:39  Hatchery  
  104  9:50  Spawning Pool  
  103  10:39  Drone  
  103  10:40  Drone x9  
  113  10:44  Overlord x3  
  113  10:45  Overlord x3  
  113  11:08  Roach  
  113  11:09  Roach x11  
  114  11:50  Zergling x18  
  123  12:04  Spawning Pool  
  123  12:05  Extractor  
  123  12:06  Extractor  
  90  12:27  Baneling  
  90  12:28  Baneling x5  
  90  13:02  Queen  
  90  13:04  Zergling x6  
  41  13:24  Zergling x2  
  41  13:25  Zergling x4  
  43  13:36  Baneling x6  
  43  13:48  Baneling x4  
Tags
 
Add a new tag
Caveats
  • Supply blocks, unpowered buildings, or Contaminate may cause inaccurate times.
  • Supply counts are checked every 10 seconds.